 Dungeon Crawl Stone Soup version 0.30-a0-711-gf4ac18a38d (webtiles) character file.

Game seed: 1408969260645931311

10134 wormed the Sneak (level 11, -9/84 HPs)
             Began as a Demonspawn Fire Elementalist on Jan 22, 2023.
             Was an Elder of Vehumet.
             Mangled by a komodo dragon (18 damage)
             ... on level 1 of the Lair of Beasts.
             The game lasted 00:24:08 (13509 turns).

wormed the Sneak (Demonspawn Fire Elementalist)    Turns: 13509, Time: 00:24:09

Health: -9/84      AC:  7    Str:  8    XL:     11   Next: 32%
Magic:  0/21       EV: 14    Int: 28    God:    Vehumet [****..]
Gold:   1683       SH:  0    Dex: 13    Spells: 18/24 levels left

rFire   + . .      SeeInvis .    H - +6 rapier of Fate {heavy, rF+ rN+ Will+ Stlth-}
rCold   . . .      Faith    .    (no shield)
rNeg    + . .      Spirit   +    l - +1 leather armour
rPois   .          Reflect  .    (helmet restricted)
rElec   .          Harm     .    (no cloak)
rCorr   .          Rampage  .    (no gloves)
Will    +....                    (no boots)
Stlth   ++                       d - amulet of magic regeneration
HPRegen 0.34/turn                t - +6 ring of intelligence
MPRegen 0.74/turn                (no ring)

@: about to teleport
A: antennae 2, icy blue scales 2, demonic guardian 1, magic shield, magic
regeneration
a: Renounce Religion


You were on level 1 of the Lair of Beasts.
You worshipped Vehumet.
Vehumet was greatly pleased with you.
You visited 2 branches of the dungeon, and saw 12 of its levels.

You collected 1683 gold pieces.

Inventory:

Hand Weapons
 e - a +0 dagger
 z - a +2 dagger of electrocution
 H - the +6 rapier of Fate (weapon) {heavy, rF+ rN+ Will+ Stlth-}
   (You found it on level 4 of the Dungeon)

   rF:        It protects you from fire.
   rN:        It protects you from negative energy.
   Will:      It increases your willpower.
   Stlth:     It makes you less stealthy.
Armour
 l - a +1 leather armour (worn)
Jewellery
 c - an amulet of faith
 d - an amulet of magic regeneration (around neck)
 m - a ring of flight
 t - a +6 ring of intelligence (left hand)
Wands
 a - a wand of roots (10)
 i - a wand of flame (10)
 s - a wand of charming (6) (quivered)
 B - a wand of polymorph (7)
Scrolls
 g - 3 scrolls of vulnerability
 h - a scroll of amnesia
 r - 2 scrolls of enchant weapon
 v - 3 scrolls of torment
 y - a scroll of poison {unknown}
 A - 3 scrolls of teleportation
 D - 2 scrolls of identify
 F - a scroll of butterflies {unknown}
 G - a scroll of enchant armour
Potions
 b - 3 potions of magic
 f - 4 potions of flight
 j - 3 potions of attraction
 k - a potion of haste
 n - a potion of might
 o - 2 potions of lignification {unknown}
 p - a potion of brilliance
 q - 2 potions of invisibility {unknown}
 u - 2 potions of mutation {unknown}
 w - a potion of berserk rage {unknown}
 x - a potion of cancellation
 C - 2 potions of curing
 E - a potion of ambrosia


   Skills:
 + Level 7.2 Fighting
 + Level 7.0 Dodging
 + Level 7.5 Stealth
 + Level 7.0 Spellcasting
 + Level 7.3 Conjurations
 + Level 7.2 Fire Magic


You had 18 spell levels left.
You knew the following spells:

 Your Spells              Type           Power      Damage    Failure   Level
a - Foxfire               Conj/Fire      100%       2x1d9     1%          1
b - Scorch                Fire           100%       2d10      1%          2
c - Inner Flame           Hex/Fire       30%        N/A       1%          3

Your spell library contained the following spells:

 Spells                   Type           Power      Damage    Failure   Level
 Flame Wave               Conj/Fire      50%        2d12      1%          4
 Kindle Blastsparks       Fire/Tloc/Air  46%        2d13      2%          3
 Ensorcelled Hibernation  Hex/Ice        18%        N/A       12%         2
 Spider Form              Tmut/Pois      9%         N/A       24%         3
 Yara's Violent Unravell  Hex/Tmut       4%         3d4       45%         5
 Anguish                  Hex/Necr       4%         N/A       61%         4
 Enfeeble                 Hex            4%         N/A       100%        7


Dungeon Overview and Level Annotations

Branches:
Dungeon (11/15)            Temple (0/1) D:5            Lair (1/5) D:10
    Orc: D:9-12

Altars:
Ashenzari
Kikubaaqudgha
Ru
Uskayaw
Vehumet

Shops:
D:3 *   D:11 (


Innate Abilities, Weirdness & Mutations

You have a pair of antennae on your head.
You are mostly covered in icy blue scales. (AC +3)
A weak demonic guardian rushes to your aid.
When hurt, damage is shared between your health and your magic reserves.
You regenerate magic rapidly.


Message History

Vehumet accepts your kill.
You feel your power returning.
Casting: Foxfire (safe; 1% risk of failure)
Confirm with . or Enter, or press ? or * to list all spells.
Aiming: Inner Flame (safe; 1% risk of failure)
Press: ? - help, Dir - move target, f - komodo dragon
Aim: a komodo dragon (chance to affect: 71%)
The komodo dragon is filled with an inner flame.
Casting: Inner Flame (safe; 1% risk of failure)
Confirm with . or Enter, or press ? or * to list all spells.
You conjure some foxfire!
The komodo dragon bites you.
The komodo dragon attacks as you move away!
The komodo dragon bites you!!
The foxfire hits the komodo dragon.
Flame seeps out of the komodo dragon.
The komodo dragon is lightly wounded.
The foxfire hits the komodo dragon.
Flame seeps out of the komodo dragon.
The komodo dragon is lightly wounded.
The komodo dragon is engulfed in blazing flames.
Flame seeps out of the komodo dragon.
Casting: Foxfire (safe; 1% risk of failure)
Confirm with . or Enter, or press ? or * to list all spells.
You conjure some foxfire!
The komodo dragon bites you!
A demonic guardian appears!
The komodo dragon bites you.
Your foxfire dissipates!
The komodo dragon attacks as you move away!
The komodo dragon bites you but does no damage.
The foxfire hits the komodo dragon but does no damage.
The komodo dragon is moderately wounded.
Your ufetubus hits the komodo dragon but does no damage. x2
As you read the scroll of teleportation, it crumbles to dust.
You feel strangely unstable. The komodo dragon bites you!!
* * * LOW HITPOINT WARNING * * *
The komodo dragon barely misses you.
Your ufetubus hits the komodo dragon. x2
The komodo dragon attacks as you move away!
The komodo dragon barely misses you.
Your ufetubus barely misses the komodo dragon.
Your ufetubus hits the komodo dragon.
The komodo dragon attacks as you move away!
The komodo dragon bites you!!
You die...

.......................
......○§§☼...........#.
#......♣.............#.
#......†..............
#.........♣♣.......#.#
##......5.♣♣♣.....)..#
#.......♣♣♣♣.........
#...ll....♣..........
#...@................
........................
##P#............♣♣♣.....
# ##..........(♣♣♣♣..##
#............♣♣...#
.................##
P.....#..........##
####.#######.#....#
##.###..#


You could see 2 komodo dragons and a friendly ufetubus (summoned).

Vanquished Creatures
  Nergalle (D:10)
  A cyclops (D:11)
  A black mamba (Lair:1)
  A cane toad (Lair:1)
  An unseen horror (D:8)
  A komodo dragon (Lair:1)
  A troll (D:11)
  3 slime creatures (D:10)
  2 wyverns (Lair:1)
  A wraith (D:11)
  6 yaks
  A basilisk (Lair:1)
  3 steam dragons
  4 vampire mosquitoes (D:10)
  2 water moccasins
  Duvessa (D:5)
  4 orc warriors
  2 black bears
  An ice beast (D:6)
  2 sky beasts
  6 wolves
  An ogre (D:6)
  4 centaurs
  A kobold brigand (D:5)
  A phantom (D:4)
  3 necrophages
  4 bullfrogs
  5 scorpions
  3 wyvern zombies (D:7)
  2 wights (D:7)
  Dowan (D:5)
  15 killer bees
  A howler monkey (D:10)
  A centaur zombie (D:7)
  A hound (D:5)
  2 jellies (D:6)
  7 orc priests
  A human zombie (D:7)
  7 orc wizards
  3 killer bee zombies (D:7)
  2 mummies (D:7)
  10 gnolls
  5 adders
  A shadow imp (D:6)
  2 white imps
  An ufetubus (D:6)
  A worm (D:2)
  38 orcs
  7 bats
  4 endoplasms
  6 giant cockroaches
  6 hobgoblins
  5 jackals
  12 kobolds
  3 quokkas
  6 ball pythons
  3 frilled lizards
  9 goblins
  7 rats
236 creatures vanquished.

Vanquished Creatures (collateral kills)
  Grum (D:8)
  A wolf (D:8)
  A killer bee (D:9)
  A hound (D:6)
  A gnoll (D:3)
  2 foxfires (Lair:1)
7 creatures vanquished.

Vanquished Creatures (others)
  A gnoll (D:3)
  An endoplasm (D:3)
  A kobold (D:3)
  A bush (Lair:1)
  240 foxfires
  23 fungi
  18 plants
285 creatures vanquished.

Grand Total: 528 creatures vanquished

Notes
Turn   | Place    | Note
-------+----------+-------------------------------------------
     0 | D:1      | wormed the Demonspawn Fire Elementalist began the quest for
                  | the Orb.
     0 | D:1      | Reached XP level 1. HP: 13/13 MP: 3/3
   160 | D:1      | Gained mutation: You are partially covered in icy blue
                  | scales. (AC +2) [demonic ancestry]
   160 | D:1      | Reached XP level 2. HP: 17/20 MP: 0/5
   409 | D:1      | Learned a level 2 spell: Scorch
   648 | D:1      | Gained mutation: You regenerate magic rapidly. [demonic
                  | ancestry]
   648 | D:1      | Reached XP level 3. HP: 25/25 MP: 3/6
  1019 | D:1      | Reached skill level 1 in Fighting
  1226 | D:1      | Learned a level 3 spell: Inner Flame
  1537 | D:2      | Found a radiant altar of Vehumet.
  1560 | D:2      | Became a worshipper of Vehumet
  2035 | D:3      | Gained mutation: You have a pair of small antennae on your
                  | head. [demonic ancestry]
  2035 | D:3      | Reached XP level 4. HP: 32/32 MP: 4/7
  2558 | D:3      | Reached XP level 5. HP: 38/38 MP: 1/9
  2789 | D:3      | Found Kuef Wyrr's Assorted Antiques.
  3006 | D:4      | Reached * piety under Vehumet
  3006 | D:4      | Offered knowledge of Shock by Vehumet.
  3032 | D:4      | Identified the +6 rapier of Fate {heavy, rF+ rN+ Will+
                  | Stlth-}
  3501 | D:5      | Entered Level 5 of the Dungeon
  3744 | D:5      | Reached XP level 6. HP: 44/44 MP: 5/10
  3818 | D:6      | Found a broken altar of Ashenzari.
  3980 | D:4      | Identified a scroll of acquirement
  3980 | D:4      | Acquired 1037 gold pieces
  4600 | D:5      | Noticed Duvessa
  4741 | D:5      | Gained mutation: You are mostly covered in icy blue scales.
                  | (AC +3) [demonic ancestry]
  4741 | D:5      | Reached XP level 7. HP: 32/51 MP: 6/12
  4960 | D:5      | Noticed Dowan
  4964 | D:5      | Killed Duvessa
  4964 | D:5      | Killed Dowan
  5042 | D:5      | Found a staircase to the Ecumenical Temple.
  5350 | D:6      | Offered knowledge of Searing Ray by Vehumet.
  5358 | D:6      | Found a hide-covered altar of Uskayaw.
  5366 | D:6      | Gained mutation: A weak demonic guardian rushes to your
                  | aid. [demonic ancestry]
  5366 | D:6      | Reached XP level 8. HP: 58/58 MP: 5/13
  5400 | D:6      | Reached ** piety under Vehumet
  6388 | D:7      | Offered knowledge of Hailstorm by Vehumet.
  6389 | D:7      | Reached skill level 5 in Fire Magic
  6562 | D:7      | Gained mutation: You have a pair of antennae on your head.
                  | [demonic ancestry]
  6562 | D:7      | Reached XP level 9. HP: 66/66 MP: 10/16
  6567 | D:7      | Reached skill level 5 in Stealth
  6839 | D:7      | Reached skill level 5 in Conjurations
  6911 | D:7      | Found an ancient bone altar of Kikubaaqudgha.
  6930 | D:7      | Reached *** piety under Vehumet
  6970 | D:7      | Reached skill level 5 in Dodging
  7072 | D:8      | Noticed Grum
  7075 | D:8      | Reached skill level 5 in Spellcasting
  7267 | D:8      | Reached skill level 5 in Fighting
  7349 | D:8      | Killed an unseen horror
  7671 | D:8      | Found a sacrificial altar of Ru.
  7729 | D:8      | You fall into a shaft and drop 2 floors!
  7729 | D:10     | Entered Level 10 of the Dungeon
  8385 | D:9      | Offered knowledge of Frozen Ramparts by Vehumet.
  8391 | D:9      | Reached XP level 10. HP: 66/74 MP: 10/18
  9176 | D:8      | Killed Grum
  9818 | D:10     | Reached **** piety under Vehumet
 10044 | D:10     | Offered knowledge of Yara's Violent Unravelling by Vehumet.
 10363 | D:10     | Noticed Nergalle
 10398 | D:10     | Found a staircase to the Lair.
 10500 | D:10     | Killed Nergalle
 11589 | Lair:1   | Entered Level 1 of the Lair of Beasts
 11713 | Lair:1   | Noticed a black mamba
 11721 | Lair:1   | Killed a black mamba
 11722 | Lair:1   | Gained mutation: When hurt, damage is shared between your
                  | health and your magic reserves. [demonic ancestry]
 11722 | Lair:1   | Reached XP level 11. HP: 14/83 MP: 19/21
 12105 | Lair:1   | Noticed a catoblepas
 12556 | D:11     | Noticed a white ugly thing
 12790 | D:11     | Found Osmecseze's Antique Weapon Boutique.
 13210 | D:11     | Noticed a wizard
 13237 | D:11     | Noticed a skeletal warrior
 13509 | Lair:1   | Mangled by a komodo dragon

Illustrated notes

Levels and vault maps discovered:
D:1:      shiori_shiawase, layout_basic
D:2:      layout_loops_ring, basic_altar
D:3:      layout_basic, serial_shops, nicolae_square_shop, lemuel_flame_loot_1
D:4:      layout_cave_pools
D:5:      layout_cave_pools, lemuel_temple_firewalk_a, nicolae_titane,
          uniq_duvessa
D:6:      layout_basic, grunt_temple_overflow_open, nicolae_ossuary_entry_plus,
          chequers_hall_statues_wall_a, st_stairs_13
D:7:      layout_basic, lemuel_mausoleum_altar_kikubaaqudgha, zin_academy
D:8:      layout_basic, nicolae_ru_path_of_blood, hangedman_decor_peaks_small,
          reono_crystal_passage, eino_small_chamber_without_monster,
          minivault_24, uniq_grum
D:9:      layout_loops_corners
D:10:     layout_layer_cave, grunt_lair_entry_orc_guard_hut, uniq_nergalle
D:11:     minmay_clustersquares, layout_stronghold, serial_shops,
          nicolae_shop_crystal
Lair:1:   layout_roguey, nicolae_lair_grove_arrangements, grunt_megastairs_4

Skill      XL: |  1  2  3  4  5  6  7  8  9 10 11 |
---------------+----------------------------------+-----
Stealth        | 2 3 4 6 7 |  7.5
Dodging        | 2 3 4 5 6 7 |  7.0
Fighting       | 1 2 3 4 5 6 7 |  7.2
Fire Magic     | 3 4 5 6 7 |  7.2
Conjurations   | 2 3 4 5 7 |  7.3
Spellcasting   | 3 4 5 6 7 |  7.0

Action                     |  1- 3 |  4- 6 |  7- 9 | 10-12 || total
---------------------------+-------+-------+-------+-------++-------
  Melee: Unarmed           |     1 |       |       |       ||     1
         Dagger            |    42 |     7 |       |     2 ||    51
         Rapier            |       |     7 |       |       ||     7
   Cast: Foxfire           |    30 |    13 |    49 |    52 ||   144
         Scorch            |    29 |    73 |   154 |   109 ||   365
         Inner Flame       |       |       |    28 |    37 ||    65
  Evoke: Wand              |       |     1 |       |       ||     1
    Use: Potion            |       |     2 |     3 |     1 ||     6
         Scroll            |       |    11 |     2 |     6 ||    19
 Armour: Robe              |    18 |       |       |       ||    18
         Leather armour    |     1 |    25 |    26 |    28 ||    80
  Dodge: Dodged            |    36 |    59 |    83 |    57 ||   235

Table legend: (Time is in decaauts)
 A = Elapsed time spent in this place.
 B = Non-inter-level travel time spent in this place.
 C = Inter-level travel time spent in this place.
 D = Time resting spent in this place.
 E = Time spent auto-exploring this place.
 F = Levels seen in this place.
 G = Mean time per level.
                   A        B        C        D        E       F      G
               +--------+--------+--------+--------+--------+-----+--------+
         Total |  13523 |  12550 |    973 |      0 |  10322 |  12 | 1126.9 |
       Dungeon |  13050 |  12080 |    970 |      0 |  10065 |  11 | 1186.4 |
          Lair |    473 |    471 |      2 |      0 |    257 |   1 |  473.0 |
               +--------+--------+--------+--------+--------+-----+--------+

Top non-repeatable levels by time:
    D:10: 2644 daAuts
     D:9: 1262 daAuts
     D:1: 1248 daAuts
     D:7: 1151 daAuts
     D:3: 1098 daAuts
     D:5: 1089 daAuts
     D:4: 1053 daAuts
     D:6: 964 daAuts
     D:8: 946 daAuts
     D:2: 834 daAuts
    D:11: 757 daAuts
  Lair:1: 473 daAuts
